DSL
DSL CAROLINA CATAMOUNTS @ DSL MINNESOTA TWINS
05/20/2042
 
TOP OF THE 1ST
DSL Carolina Catamounts batting - Pitching for DSL Minnesota Twins : RHP Aurelio Acevedo
Pitching: RHP Aurelio Acevedo
Batting: RHB Jorge Cruz 0-0: Ball
1-0: Foul Ball, location: 2F
1-1: Foul Ball, location: 2RF
1-2: Strikes out looking
Batting: RHB Jesús Cuevas 0-0: Ball
1-0: Ball
2-0: Ball
3-0: Base on Balls
Batting: RHB José Alonso 0-0: Called Strike
0-1: Ball
1-1: Called Strike
1-2: Ball
2-2: Ball
3-2: Strikes out swinging
Batting: LHB Ánibal Juárez 0-0: Called Strike
0-1: Ball
1-1: Ball
2-1: Called Strike
Jesús Cuevas steals 2nd base (no throw)
2-2: Strikes out looking
Top of the 1st over - 0 runs, 0 hits, 0 errors, 1 left on base; DSL Carolina 0 - DSL Minnesota 0
BOTTOM OF THE 1ST
DSL Minnesota Twins batting - Pitching for DSL Carolina Catamounts : RHP Arturo Liriano
Pitching: RHP Arturo Liriano
Batting: RHB José Sánchez 0-0: Ball
1-0: Swinging Strike
1-1: Ball
2-1: Swinging Strike
2-2: Strikes out looking
Batting: RHB César García 0-0: Called Strike
0-1: Ball
1-1: Ball
2-1: Swinging Strike
2-2: Ground out 6-3 (Groundball, 6, EV 79.4 MPH)
Batting: RHB José Squillari 0-0: Fly out, F4 (Popup, 4, EV 50.6 MPH)
Bottom of the 1st over - 0 runs, 0 hits, 0 errors, 0 left on base; DSL Carolina 0 - DSL Minnesota 0
TOP OF THE 2ND
DSL Carolina Catamounts batting - Pitching for DSL Minnesota Twins : RHP Aurelio Acevedo
Batting: SHB Pat Sullivan 0-0: Ball
1-0: Ground out U3 (Groundball, 34S, EV 88.8 MPH)
Batting: SHB Ángelo Rocha 0-0: Ball
1-0: Ball
2-0: Ball
3-0: Base on Balls
Batting: RHB António Cruz 0-0: Ball
1-0: Ball
2-0: Called Strike
2-1: Foul Ball, location: 5FF
2-2: Foul Ball, location: 2F
2-2: Ball
Wild Pitch!
Ángelo Rocha to second
3-2: Foul Ball, location: 5SF
3-2: Foul Ball, location: 23F
3-2: Base on Balls
Batting: SHB Juan Valadez 0-0: Called Strike
0-1: Ball
1-1: Ball
2-1: Called Strike
2-2: Ball
3-2: Foul Ball, location: 2F
3-2: Base on Balls
Ángelo Rocha to third
António Cruz to second
Batting: RHB Ernesto Cardenas 0-0: Foul Ball, location: 9LMF
0-1: Ball
1-1: Foul Ball, location: 2F
1-2: Strikes out swinging
Batting: RHB Jorge Cruz 0-0: Foul Ball, location: 7LSF
0-1: Ground out 4-3 (Groundball, 34, EV 91.9 MPH)
Top of the 2nd over - 0 runs, 0 hits, 0 errors, 3 left on base; DSL Carolina 0 - DSL Minnesota 0
BOTTOM OF THE 2ND
DSL Minnesota Twins batting - Pitching for DSL Carolina Catamounts : RHP Arturo Liriano
Batting: RHB António León 0-0: Ball
1-0: Ball
2-0: Foul Ball, location: 2F
2-1: Foul Ball, location: 3FF
2-2: Ball
3-2: Base on Balls
Batting: LHB Pancho Sánchez 0-0: Ball
1-0: Ball
2-0: Fly out, F8 (Flyball, 89D, EV 94.4 MPH)
Batting: LHB Tony Rivas 0-0: Ball
1-0: Foul Ball, location: 2F
1-1: Ball
2-1: Ball
3-1: Called Strike
3-2: Fly out, F8 (Flyball, 78XD, EV 111.9 MPH)
Batting: RHB Ernesto Salazar 0-0: Ball
1-0: Ball
2-0: Called Strike
2-1: Foul Ball, location: 5F
2-2: 2-RUN HOME RUN (Flyball, 8RXD, EV 113.8 MPH), Distance : 468 ft
Batting: RHB César Lima 0-0: Ball
1-0: Called Strike
1-1: Foul Ball, location: 7LDF
1-2: Foul Ball, location: 7LSFF
1-2: Ball
2-2: Foul Ball, location: 23F
2-2: Strikes out looking
Bottom of the 2nd over - 2 runs, 1 hit, 0 errors, 0 left on base; DSL Carolina 0 - DSL Minnesota 2
TOP OF THE 3RD
DSL Carolina Catamounts batting - Pitching for DSL Minnesota Twins : RHP Aurelio Acevedo
Batting: RHB Jesús Cuevas 0-0: Bunt for hit to 3S - play at first, batter OUT! 3-4
Batting: RHB José Alonso 0-0: Called Strike
0-1: Foul Ball, location: 5SF
0-2: Ball
1-2: Ball
2-2: Ball
3-2: Foul Ball, location: 3SF
3-2: Base on Balls
Batting: LHB Ánibal Juárez 0-0: Foul Ball, location: 2F
0-1: Ball
1-1: Ball
2-1: Ball
3-1: Called Strike
3-2: Foul Ball, location: 5F
3-2: 2-RUN HOME RUN (Flyball, 9D, EV 102.5 MPH), Distance : 398 ft
Batting: SHB Pat Sullivan 0-0: Called Strike
0-1: Called Strike
0-2: Ball
1-2: Ball
2-2: Ground out 4-3 (Groundball, 4, EV 76.9 MPH)
Batting: SHB Ángelo Rocha 0-0: Foul Ball, location: 2F
0-1: Ball
1-1: Ground out 4-3 (Groundball, 4, EV 108.1 MPH)
Top of the 3rd over - 2 runs, 1 hit, 0 errors, 0 left on base; DSL Carolina 2 - DSL Minnesota 2
BOTTOM OF THE 3RD
DSL Minnesota Twins batting - Pitching for DSL Carolina Catamounts : RHP Arturo Liriano
Batting: RHB Aarão Graete 0-0: Foul Ball, location: 5SF
0-1: Ball
1-1: Ball
2-1: Foul Ball, location: 2F
2-2: Ball
3-2: Foul Ball, location: 9LMF
3-2: Base on Balls
Batting: RHB José Sánchez 0-0: Bunted foul
0-1: Ball
1-1: Ball
2-1: Ball
3-1: Ball
Aarão Graete to second
Batting: RHB César García 0-0: Ball
1-0: Ball
2-0: Bunt - Flyout to P! F1
Batting: RHB José Squillari 0-0: Ball
1-0: Swinging Strike
1-1: Called Strike
1-2: Strikes out swinging
Batting: RHB António León 0-0: Ball
1-0: Foul Ball, location: 2F
1-1: Foul Ball, location: 2F
1-2: Ball
2-2: Strikes out swinging
Bottom of the 3rd over - 0 runs, 0 hits, 0 errors, 2 left on base; DSL Carolina 2 - DSL Minnesota 2
TOP OF THE 4TH
DSL Carolina Catamounts batting - Pitching for DSL Minnesota Twins : RHP Aurelio Acevedo
Batting: RHB António Cruz 0-0: Called Strike
0-1: SINGLE (Line Drive, 7LS, EV 100.0 MPH)
Batting: SHB Juan Valadez 0-0: Ball
1-0: Foul Ball, location: 9LMF
1-1: Foul Ball, location: 5FF
1-2: Ball
2-2: Foul Ball, location: 7LDF
2-2: Ball
3-2: Foul Ball, location: 5F
3-2: Base on Balls
António Cruz to second
Batting: RHB Ernesto Cardenas 0-0: Ball
1-0: Sac Bunt to 23 - play at first, batter OUT! 3-4
António Cruz to third
Juan Valadez to second
Batting: RHB Jorge Cruz 0-0: Ball
Wild Pitch!
António Cruz scores
Juan Valadez to third
1-0: Ball
2-0: Ball
3-0: Called Strike
3-1: Foul Ball, location: 2F
3-2: Strikes out swinging
Batting: RHB Jesús Cuevas 0-0: Ball
1-0: Swinging Strike
1-1: Foul Ball, location: 5F
1-2: Ball
2-2: Strikes out swinging
Top of the 4th over - 1 run, 1 hit, 0 errors, 1 left on base; DSL Carolina 3 - DSL Minnesota 2
BOTTOM OF THE 4TH
DSL Minnesota Twins batting - Pitching for DSL Carolina Catamounts : RHP Arturo Liriano
Batting: LHB Pancho Sánchez 0-0: Ball
1-0: Swinging Strike
1-1: Foul Ball, location: 2F
1-2: Strikes out swinging
Batting: LHB Tony Rivas 0-0: Ball
1-0: Swinging Strike
1-1: Called Strike
1-2: Strikes out swinging
Batting: RHB Ernesto Salazar 0-0: Ball
1-0: Ball
2-0: Foul Ball, location: 2F
2-1: Ball
3-1: DOUBLE (Flyball, 8RXD, EV 98.8 MPH)
Batting: RHB César Lima 0-0: Swinging Strike
0-1: Foul Ball, location: 3F
0-2: Ball
1-2: Strikes out swinging
Bottom of the 4th over - 0 runs, 1 hit, 0 errors, 1 left on base; DSL Carolina 3 - DSL Minnesota 2
TOP OF THE 5TH
DSL Carolina Catamounts batting - Pitching for DSL Minnesota Twins : RHP Aurelio Acevedo
Batting: RHB José Alonso 0-0: Ball
1-0: Called Strike
1-1: Foul Ball, location: 5F
1-2: Strikes out swinging
Batting: LHB Ánibal Juárez 0-0: Foul Ball, location: 7LDF
0-1: Ball
1-1: Foul Ball, location: 5DF
1-2: Ball
2-2: Ball
3-2: Foul Ball, location: 7LSF
3-2: Base on Balls
Batting: SHB Pat Sullivan 0-0: Ball
1-0: Ball
2-0: Called Strike
2-1: Ball
3-1: Foul Ball, location: 2F
3-2: Foul Ball, location: 3FF
3-2: Strikes out swinging
Batting: SHB Ángelo Rocha 0-0: Called Strike
0-1: DOUBLE (Line Drive, 78D, EV 100.6 MPH)
Ánibal Juárez to third
Batting: RHB António Cruz 0-0: Ball
1-0: Ball
2-0: Ball
3-0: Base on Balls
Pitching: RHP José González
Batting: SHB Juan Valadez 0-0: Called Strike
0-1: Foul Ball, location: 2F
0-2: Ball
1-2: Strikes out looking
Top of the 5th over - 0 runs, 1 hit, 0 errors, 3 left on base; DSL Carolina 3 - DSL Minnesota 2
BOTTOM OF THE 5TH
DSL Minnesota Twins batting - Pitching for DSL Carolina Catamounts : RHP Arturo Liriano
Batting: RHB Aarão Graete 0-0: Called Strike
0-1: Swinging Strike
0-2: Ball
1-2: Strikes out swinging
Batting: RHB José Sánchez 0-0: Ball
1-0: Called Strike
1-1: Foul Ball, location: 9LSF
1-2: Ball
2-2: Strikes out swinging
Batting: RHB César García 0-0: Called Strike
0-1: Foul Ball, location: 23F
0-2: Ball
1-2: Ball
2-2: Ground out 6-3 (Groundball, 6, EV 103.1 MPH)
Bottom of the 5th over - 0 runs, 0 hits, 0 errors, 0 left on base; DSL Carolina 3 - DSL Minnesota 2
TOP OF THE 6TH
DSL Carolina Catamounts batting - Pitching for DSL Minnesota Twins : RHP José González
Batting: RHB Ernesto Cardenas 0-0: Ball
1-0: Ball
2-0: Ground out U3 (Groundball, 34S, EV 86.3 MPH)
Batting: RHB Jorge Cruz 0-0: Called Strike
0-1: Called Strike
0-2: Fly out, F8 (Flyball, 8LM, EV 94.4 MPH)
Batting: RHB Jesús Cuevas 0-0: Ground out 6-3 (Groundball, 6S, EV 88.8 MPH)
Top of the 6th over - 0 runs, 0 hits, 0 errors, 0 left on base; DSL Carolina 3 - DSL Minnesota 2
BOTTOM OF THE 6TH
DSL Minnesota Twins batting - Pitching for DSL Carolina Catamounts : RHP Arturo Liriano
Pitching: RHP Sergio Gonzáles
Batting: RHB José Squillari 0-0: Ball
1-0: Foul Ball, location: 2F
1-1: Foul Ball, location: 2F
1-2: Ball
2-2: SOLO HOME RUN (Flyball, 9D, EV 98.8 MPH), Distance : 387 ft
Batting: RHB António León 0-0: Called Strike
0-1: SOLO HOME RUN (Flyball, 7D, EV 103.8 MPH), Distance : 390 ft
Batting: LHB Pancho Sánchez 0-0: Foul Ball, location: 2F
0-1: Ball
1-1: Swinging Strike
1-2: Strikes out looking
Batting: LHB Tony Rivas 0-0: Called Strike
0-1: Hit by Pitch
Batting: RHB Ernesto Salazar 0-0: Called Strike
0-1: Ball
1-1: Ball
2-1: Foul Ball, location: 3SF
2-2: Ball
3-2: Base on Balls
Tony Rivas to second
Batting: RHB César Lima 0-0: Grounds into double play, 6-4-3 (Groundball, 6, EV 101.3 MPH)
Bottom of the 6th over - 2 runs, 2 hits, 0 errors, 1 left on base; DSL Carolina 3 - DSL Minnesota 4
TOP OF THE 7TH
DSL Carolina Catamounts batting - Pitching for DSL Minnesota Twins : RHP José González
Batting: RHB José Alonso 0-0: Called Strike
0-1: Ball
1-1: Ball
2-1: Foul Ball, location: 9LMF
2-2: Strikes out swinging
Batting: LHB Ánibal Juárez 0-0: Ball
1-0: Ball
2-0: Ball
3-0: Base on Balls
Batting: SHB Pat Sullivan 0-0: Fly out, F8 (Flyball, 8LD, EV 97.5 MPH)
Batting: SHB Ángelo Rocha 0-0: Ball
1-0: Swinging Strike
1-1: 2-RUN HOME RUN (Flyball, 7D, EV 99.4 MPH), Distance : 387 ft
Batting: RHB António Cruz 0-0: SINGLE (Line Drive, 7S, EV 105.0 MPH)
Batting: SHB Juan Valadez 0-0: Ground out U3 (Groundball, 3L, EV 88.8 MPH)
Top of the 7th over - 2 runs, 2 hits, 0 errors, 1 left on base; DSL Carolina 5 - DSL Minnesota 4
BOTTOM OF THE 7TH
DSL Minnesota Twins batting - Pitching for DSL Carolina Catamounts : RHP Sergio Gonzáles
Batting: RHB Aarão Graete 0-0: Ball
1-0: Called Strike
1-1: Swinging Strike
1-2: Strikes out swinging
Batting: RHB José Sánchez 0-0: Ball
1-0: Ball
2-0: Ball
3-0: Base on Balls
Batting: RHB César García 0-0: Called Strike
José Sánchez steals 2nd base
0-1: Foul Ball, location: 2F
0-2: Ball
1-2: Ball
2-2: Ball
3-2: Base on Balls
Batting: RHB José Squillari 0-0: Called Strike
0-1: Grounds into double play, 5-4-3 (Groundball, 56, EV 105.0 MPH)
Bottom of the 7th over - 0 runs, 0 hits, 0 errors, 1 left on base; DSL Carolina 5 - DSL Minnesota 4
TOP OF THE 8TH
DSL Carolina Catamounts batting - Pitching for DSL Minnesota Twins : RHP José González
Pinch Hitting: SHB Sancho Vásquez 0-0: Ball
1-0: Ball
2-0: Foul Ball, location: 7LSF
2-1: Foul Ball, location: 2F
2-2: Strikes out looking
Pitching: RHP Juan Carlos González
Batting: RHB Jorge Cruz 0-0: Foul Ball, location: 5SF
0-1: Ball
1-1: Ball
2-1: Ball
3-1: Ground out 3-1 (Groundball, 34S, EV 85.6 MPH)
Batting: RHB Jesús Cuevas 0-0: Called Strike
0-1: Foul Ball, location: 25FF
0-2: Ball
1-2: Foul Ball, location: 9LMF
1-2: Foul Ball, location: 5SF
1-2: Ball
2-2: Foul Ball, location: 9LDF
2-2: Ball
3-2: Foul Ball, location: 25F
3-2: Foul Ball, location: 9LDF
3-2: Strikes out swinging
Top of the 8th over - 0 runs, 0 hits, 0 errors, 0 left on base; DSL Carolina 5 - DSL Minnesota 4
BOTTOM OF THE 8TH
DSL Minnesota Twins batting - Pitching for DSL Carolina Catamounts : RHP Sergio Gonzáles
Pitching: RHP Álex Soto
Now at 2B: Jesús Cuevas
Now at SS: Sancho Vásquez
Batting: RHB António León 0-0: Foul Ball, location: 3F
0-1: Ball
1-1: Called Strike
1-2: Foul Ball, location: 2F
1-2: Ball
2-2: Foul Ball, location: 2F
2-2: Strikes out looking
Pinch Hitting: RHB Wilson Gómes 0-0: Ball
1-0: Ball
2-0: Ball
3-0: Called Strike
3-1: Base on Balls
Batting: LHB Tony Rivas 0-0: Ball
1-0: Bunted foul
1-1: Sac Bunt to 13S - play at second, runner OUT! 1-6
Batting: RHB Ernesto Salazar 0-0: Called Strike
0-1: Swinging Strike
0-2: Strikes out looking
Bottom of the 8th over - 0 runs, 0 hits, 0 errors, 1 left on base; DSL Carolina 5 - DSL Minnesota 4
TOP OF THE 9TH
DSL Carolina Catamounts batting - Pitching for DSL Minnesota Twins : RHP Juan Carlos González
Now in RF: Wilson Gómes
Batting: RHB José Alonso 0-0: Called Strike
0-1: Called Strike
0-2: Ball
1-2: Foul Ball, location: 25F
1-2: Ground out 1-3 (Groundball, 13S, EV 76.3 MPH)
Batting: LHB Ánibal Juárez 0-0: Ball
1-0: Foul Ball, location: 2F
1-1: Swinging Strike
1-2: Ball
2-2: Foul Ball, location: 2F
2-2: Strikes out swinging
Batting: SHB Pat Sullivan 0-0: Ball
1-0: Ball
2-0: SOLO HOME RUN (Flyball, 78XD, EV 110.0 MPH), Distance : 432 ft
Batting: SHB Ángelo Rocha 0-0: Ball
1-0: Ball
2-0: Swinging Strike
2-1: Ball
3-1: Base on Balls
Batting: RHB António Cruz 0-0: Ball
1-0: Foul Ball, location: 9LMF
1-1: Swinging Strike
1-2: Ball
2-2: Ball
3-2: Base on Balls
Ángelo Rocha to second
Batting: SHB Juan Valadez 0-0: DOUBLE (Groundball, 3L, EV 105.6 MPH)
Ángelo Rocha scores
António Cruz to third
Pitching: LHP Edgar Soto
Batting: SHB Sancho Vásquez 0-0: Ball
1-0: Ball
2-0: Foul Ball, location: 2F
2-1: Foul Ball, location: 2F
2-2: Strikes out swinging
Top of the 9th over - 2 runs, 2 hits, 0 errors, 2 left on base; DSL Carolina 7 - DSL Minnesota 4
BOTTOM OF THE 9TH
DSL Minnesota Twins batting - Pitching for DSL Carolina Catamounts : RHP Álex Soto
Pitching: RHP Sebastian Kyle
Now at 1B: José Alonso
Now at 2B: Sancho Vásquez
Now at 3B: Jesús Cuevas
Now at SS: Manny Ramírez
Now in LF: Jorge Cruz
Now in CF: Amdre Lancastre
Now in RF: Juan Valadez
Pinch Hitting: RHB Cisco Bautista 0-0: Called Strike
0-1: Ball
1-1: Foul Ball, location: 2F
1-2: Ball
2-2: Ball
3-2: Foul Ball, location: 25F
3-2: Base on Balls
Pinch Hitting: RHB Flávio Carrilho 0-0: Ball
1-0: Ball
2-0: Ball
3-0: Called Strike
3-1: Base on Balls
Cisco Bautista to second
Batting: RHB José Sánchez 0-0: Called Strike
0-1: Ball
1-1: Ball
2-1: Ball
3-1: Base on Balls
Cisco Bautista to third
Flávio Carrilho to second
Batting: RHB César García 0-0: Ball
1-0: Fly out, F8 (Flyball, 89M, EV 86.3 MPH)
Batting: RHB José Squillari 0-0: Called Strike
0-1: Swinging Strike
0-2: Ball
1-2: Strikes out swinging
Batting: RHB António León 0-0: Called Strike
0-1: Ball
1-1: Foul Ball, location: 2F
1-2: Fly out, F8 (Flyball, 8LM, EV 90.0 MPH)
Bottom of the 9th over - 0 runs, 0 hits, 0 errors, 3 left on base; DSL Carolina 7 - DSL Minnesota 4
Friday, May 3rd , 2024 - OOTP Baseball 24.10 Build 82